Workbook

Sheet Confronto Mutui
A1: Calcolo TAEG Mutuo - Confronto Offerte
A3: Importo medio mutui | C3: TAEG medio | E3: Rata media | G3: Offerte sostenibili | I3: Miglior TAEG
B4: =IFERROR(AVERAGE($I$12:$I$111),0) | D4: =IFERROR(AVERAGE($X$12:$X$111),0) | F4: =IFERROR(AVERAGE($U$12:$U$111),0) | H4: =COUNTIF($Z$12:$Z$111,"Sostenibile") | J4: =IFERROR(MIN($X$12:$X$111),0)
A11: ID offerta | B11: Istituto di credito | C11: Mutuatario | D11: Immobile | E11: Comune | F11: Data simulazione | G11: Finalità | H11: Valore immobile | I11: Importo mutuo | J11: LTV % | K11: Durata anni | L11: Periodicità rate | M11: TAN % | N11: Spese istruttoria | O11: Spese perizia | P11: Imposta sostitutiva | Q11: Polizza obbligatoria annua | R11: Altre spese annue | S11: Commissione incasso rata | T11: Spese iniziali totali | U11: Rata mensile | V11: Interessi totali | W11: Costi accessori totali | X11: TAEG stimato | Y11: Rata sostenibile | Z11: Esito rata | AA11: Note
A12: MUT-2026-001 | B12: Intesa Sanpaolo | C12: Marco Rossi | D12: Via Roma 12 | E12: Milano | F12: 46032 | G12: Acquisto prima casa | H12: 280000 | I12: 190000 | J12: =IF($A12="","",IFERROR($I12/$H12,"")) | K12: 25 | L12: Mensile | M12: 0.0285 | N12: 1250 | O12: 350 | P12: 475 | Q12: 210 | R12: 80 | S12: 2.5 | T12: =IF($A12="","",SUM($N12:$P12)) | U12: =IF($A12="","",IFERROR(-PMT($M12/12,$K12*12,$I12),0)) | V12: =IF($A12="","",IFERROR($U12*$K12*12-$I12,0)) | W12: =IF($A12="","",SUM($T12,$Q12*$K12,$R12*$K12,$S12*$K12*12)) | X12: =IF($A12="","",IFERROR((1+RATE($K12*12,-$U12,$I12-$T12-($Q12+$R12)*$K12-$S12*$K12*12))^12-1,0)) | Y12: 1050 | Z12: =IF($A12="","",IF($U12<=$Y12,"Sostenibile","Da verificare")) | AA12: Richiesta con garanzia standard
A13: MUT-2026-002 | B13: UniCredit | C13: Giulia Bianchi | D13: Corso Italia 45 | E13: Roma | F13: 46040 | G13: Acquisto prima casa | H13: 350000 | I13: 240000 | J13: =IF($A13="","",IFERROR($I13/$H13,"")) | K13: 30 | L13: Mensile | M13: 0.031 | N13: 1450 | O13: 390 | P13: 600 | Q13: 240 | R13: 95 | S13: 2.75 | T13: =IF($A13="","",SUM($N13:$P13)) | U13: =IF($A13="","",IFERROR(-PMT($M13/12,$K13*12,$I13),0)) | V13: =IF($A13="","",IFERROR($U13*$K13*12-$I13,0)) | W13: =IF($A13="","",SUM($T13,$Q13*$K13,$R13*$K13,$S13*$K13*12)) | X13: =IF($A13="","",IFERROR((1+RATE($K13*12,-$U13,$I13-$T13-($Q13+$R13)*$K13-$S13*$K13*12))^12-1,0)) | Y13: 1300 | Z13: =IF($A13="","",IF($U13<=$Y13,"Sostenibile","Da verificare")) | AA13: LTV inferiore al 70%
A14: MUT-2026-003 | B14: Banco BPM | C14: Luca Ferrari | D14: Via Garibaldi 8 | E14: Torino | F14: 46050 | G14: Acquisto seconda casa | H14: 240000 | I14: 165000 | J14: =IF($A14="","",IFERROR($I14/$H14,"")) | K14: 20 | L14: Mensile | M14: 0.0335 | N14: 1100 | O14: 320 | P14: 825 | Q14: 195 | R14: 70 | S14: 2.2 | T14: =IF($A14="","",SUM($N14:$P14)) | U14: =IF($A14="","",IFERROR(-PMT($M14/12,$K14*12,$I14),0)) | V14: =IF($A14="","",IFERROR($U14*$K14*12-$I14,0)) | W14: =IF($A14="","",SUM($T14,$Q14*$K14,$R14*$K14,$S14*$K14*12)) | X14: =IF($A14="","",IFERROR((1+RATE($K14*12,-$U14,$I14-$T14-($Q14+$R14)*$K14-$S14*$K14*12))^12-1,0)) | Y14: 1050 | Z14: =IF($A14="","",IF($U14<=$Y14,"Sostenibile","Da verificare")) | AA14: Imposta sostitutiva variabile
A15: MUT-2026-004 | B15: BPER Banca | C15: Anna Esposito | D15: Via Dante 3 | E15: Bologna | F15: 46058 | G15: Acquisto prima casa | H15: 260000 | I15: 180000 | J15: =IF($A15="","",IFERROR($I15/$H15,"")) | K15: 25 | L15: Mensile | M15: 0.0355 | N15: 1350 | O15: 360 | P15: 450 | Q15: 220 | R15: 85 | S15: 2.8 | T15: =IF($A15="","",SUM($N15:$P15)) | U15: =IF($A15="","",IFERROR(-PMT($M15/12,$K15*12,$I15),0)) | V15: =IF($A15="","",IFERROR($U15*$K15*12-$I15,0)) | W15: =IF($A15="","",SUM($T15,$Q15*$K15,$R15*$K15,$S15*$K15*12)) | X15: =IF($A15="","",IFERROR((1+RATE($K15*12,-$U15,$I15-$T15-($Q15+$R15)*$K15-$S15*$K15*12))^12-1,0)) | Y15: 1050 | Z15: =IF($A15="","",IF($U15<=$Y15,"Sostenibile","Da verificare")) | AA15: Polizza incendio inclusa
A16: MUT-2026-005 | B16: Crédit Agricole | C16: Francesca Romano | D16: Via de' Tornabuoni 21 | E16: Firenze | F16: 46069 | G16: Acquisto prima casa | H16: 315000 | I16: 215000 | J16: =IF($A16="","",IFERROR($I16/$H16,"")) | K16: 30 | L16: Mensile | M16: 0.0375 | N16: 1500 | O16: 410 | P16: 538 | Q16: 245 | R16: 90 | S16: 2.9 | T16: =IF($A16="","",SUM($N16:$P16)) | U16: =IF($A16="","",IFERROR(-PMT($M16/12,$K16*12,$I16),0)) | V16: =IF($A16="","",IFERROR($U16*$K16*12-$I16,0)) | W16: =IF($A16="","",SUM($T16,$Q16*$K16,$R16*$K16,$S16*$K16*12)) | X16: =IF($A16="","",IFERROR((1+RATE($K16*12,-$U16,$I16-$T16-($Q16+$R16)*$K16-$S16*$K16*12))^12-1,0)) | Y16: 1200 | Z16: =IF($A16="","",IF($U16<=$Y16,"Sostenibile","Da verificare")) | AA16: Istruttoria con riduzione promozionale
A17: MUT-2026-006 | B17: Mediobanca Premier | C17: Giuseppe Conti | D17: Viale Europa 21 | E17: Napoli | F17: 46078 | G17: Rifinanziamento | H17: 210000 | I17: 145000 | J17: =IF($A17="","",IFERROR($I17/$H17,"")) | K17: 20 | L17: Mensile | M17: 0.0395 | N17: 1700 | O17: 450 | P17: 725 | Q17: 260 | R17: 110 | S17: 3.2 | T17: =IF($A17="","",SUM($N17:$P17)) | U17: =IF($A17="","",IFERROR(-PMT($M17/12,$K17*12,$I17),0)) | V17: =IF($A17="","",IFERROR($U17*$K17*12-$I17,0)) | W17: =IF($A17="","",SUM($T17,$Q17*$K17,$R17*$K17,$S17*$K17*12)) | X17: =IF($A17="","",IFERROR((1+RATE($K17*12,-$U17,$I17-$T17-($Q17+$R17)*$K17-$S17*$K17*12))^12-1,0)) | Y17: 950 | Z17: =IF($A17="","",IF($U17<=$Y17,"Sostenibile","Da verificare")) | AA17: Verificare costo estinzione anticipata
A18: MUT-2026-007 | B18: ING Italia | C18: Sara Greco | D18: Via Altinate 17 | E18: Padova | F18: 46087 | G18: Acquisto prima casa | H18: 295000 | I18: 210000 | J18: =IF($A18="","",IFERROR($I18/$H18,"")) | K18: 25 | L18: Mensile | M18: 0.032 | N18: 900 | O18: 300 | P18: 525 | Q18: 185 | R18: 65 | S18: 1.95 | T18: =IF($A18="","",SUM($N18:$P18)) | U18: =IF($A18="","",IFERROR(-PMT($M18/12,$K18*12,$I18),0)) | V18: =IF($A18="","",IFERROR($U18*$K18*12-$I18,0)) | W18: =IF($A18="","",SUM($T18,$Q18*$K18,$R18*$K18,$S18*$K18*12)) | X18: =IF($A18="","",IFERROR((1+RATE($K18*12,-$U18,$I18-$T18-($Q18+$R18)*$K18-$S18*$K18*12))^12-1,0)) | Y18: 1150 | Z18: =IF($A18="","",IF($U18<=$Y18,"Sostenibile","Da verificare")) | AA18: Gestione digitale del mutuo
A19: MUT-2026-008 | B19: Monte dei Paschi di Siena | C19: Matteo Ricci | D19: Corso Cavour 33 | E19: Bari | F19: 46096 | G19: Acquisto seconda casa | H19: 390000 | I19: 285000 | J19: =IF($A19="","",IFERROR($I19/$H19,"")) | K19: 30 | L19: Mensile | M19: 0.041 | N19: 1850 | O19: 480 | P19: 1425 | Q19: 290 | R19: 120 | S19: 3.5 | T19: =IF($A19="","",SUM($N19:$P19)) | U19: =IF($A19="","",IFERROR(-PMT($M19/12,$K19*12,$I19),0)) | V19: =IF($A19="","",IFERROR($U19*$K19*12-$I19,0)) | W19: =IF($A19="","",SUM($T19,$Q19*$K19,$R19*$K19,$S19*$K19*12)) | X19: =IF($A19="","",IFERROR((1+RATE($K19*12,-$U19,$I19-$T19-($Q19+$R19)*$K19-$S19*$K19*12))^12-1,0)) | Y19: 1450 | Z19: =IF($A19="","",IF($U19<=$Y19,"Sostenibile","Da verificare")) | AA19: Richiesta valutazione reddituale aggiuntiva
J20: =IF($A20="","",IFERROR($I20/$H20,"")) | T20: =IF($A20="","",SUM($N20:$P20)) | U20: =IF($A20="","",IFERROR(-PMT($M20/12,$K20*12,$I20),0)) | V20: =IF($A20="","",IFERROR($U20*$K20*12-$I20,0)) | W20: =IF($A20="","",SUM($T20,$Q20*$K20,$R20*$K20,$S20*$K20*12)) | X20: =IF($A20="","",IFERROR((1+RATE($K20*12,-$U20,$I20-$T20-($Q20+$R20)*$K20-$S20*$K20*12))^12-1,0)) | Z20: =IF($A20="","",IF($U20<=$Y20,"Sostenibile","Da verificare"))
J21: =IF($A21="","",IFERROR($I21/$H21,"")) | T21: =IF($A21="","",SUM($N21:$P21)) | U21: =IF($A21="","",IFERROR(-PMT($M21/12,$K21*12,$I21),0)) | V21: =IF($A21="","",IFERROR($U21*$K21*12-$I21,0)) | W21: =IF($A21="","",SUM($T21,$Q21*$K21,$R21*$K21,$S21*$K21*12)) | X21: =IF($A21="","",IFERROR((1+RATE($K21*12,-$U21,$I21-$T21-($Q21+$R21)*$K21-$S21*$K21*12))^12-1,0)) | Z21: =IF($A21="","",IF($U21<=$Y21,"Sostenibile","Da verificare"))
J22: =IF($A22="","",IFERROR($I22/$H22,"")) | T22: =IF($A22="","",SUM($N22:$P22)) | U22: =IF($A22="","",IFERROR(-PMT($M22/12,$K22*12,$I22),0)) | V22: =IF($A22="","",IFERROR($U22*$K22*12-$I22,0)) | W22: =IF($A22="","",SUM($T22,$Q22*$K22,$R22*$K22,$S22*$K22*12)) | X22: =IF($A22="","",IFERROR((1+RATE($K22*12,-$U22,$I22-$T22-($Q22+$R22)*$K22-$S22*$K22*12))^12-1,0)) | Z22: =IF($A22="","",IF($U22<=$Y22,"Sostenibile","Da verificare"))
J23: =IF($A23="","",IFERROR($I23/$H23,"")) | T23: =IF($A23="","",SUM($N23:$P23)) | U23: =IF($A23="","",IFERROR(-PMT($M23/12,$K23*12,$I23),0)) | V23: =IF($A23="","",IFERROR($U23*$K23*12-$I23,0)) | W23: =IF($A23="","",SUM($T23,$Q23*$K23,$R23*$K23,$S23*$K23*12)) | X23: =IF($A23="","",IFERROR((1+RATE($K23*12,-$U23,$I23-$T23-($Q23+$R23)*$K23-$S23*$K23*12))^12-1,0)) | Z23: =IF($A23="","",IF($U23<=$Y23,"Sostenibile","Da verificare"))
J24: =IF($A24="","",IFERROR($I24/$H24,"")) | T24: =IF($A24="","",SUM($N24:$P24)) | U24: =IF($A24="","",IFERROR(-PMT($M24/12,$K24*12,$I24),0)) | V24: =IF($A24="","",IFERROR($U24*$K24*12-$I24,0)) | W24: =IF($A24="","",SUM($T24,$Q24*$K24,$R24*$K24,$S24*$K24*12)) | X24: =IF($A24="","",IFERROR((1+RATE($K24*12,-$U24,$I24-$T24-($Q24+$R24)*$K24-$S24*$K24*12))^12-1,0)) | Z24: =IF($A24="","",IF($U24<=$Y24,"Sostenibile","Da verificare"))
J25: =IF($A25="","",IFERROR($I25/$H25,"")) | T25: =IF($A25="","",SUM($N25:$P25)) | U25: =IF($A25="","",IFERROR(-PMT($M25/12,$K25*12,$I25),0)) | V25: =IF($A25="","",IFERROR($U25*$K25*12-$I25,0)) | W25: =IF($A25="","",SUM($T25,$Q25*$K25,$R25*$K25,$S25*$K25*12)) | X25: =IF($A25="","",IFERROR((1+RATE($K25*12,-$U25,$I25-$T25-($Q25+$R25)*$K25-$S25*$K25*12))^12-1,0)) | Z25: =IF($A25="","",IF($U25<=$Y25,"Sostenibile","Da verificare"))
J26: =IF($A26="","",IFERROR($I26/$H26,"")) | T26: =IF($A26="","",SUM($N26:$P26)) | U26: =IF($A26="","",IFERROR(-PMT($M26/12,$K26*12,$I26),0)) | V26: =IF($A26="","",IFERROR($U26*$K26*12-$I26,0)) | W26: =IF($A26="","",SUM($T26,$Q26*$K26,$R26*$K26,$S26*$K26*12)) | X26: =IF($A26="","",IFERROR((1+RATE($K26*12,-$U26,$I26-$T26-($Q26+$R26)*$K26-$S26*$K26*12))^12-1,0)) | Z26: =IF($A26="","",IF($U26<=$Y26,"Sostenibile","Da verificare"))
J27: =IF($A27="","",IFERROR($I27/$H27,"")) | T27: =IF($A27="","",SUM($N27:$P27)) | U27: =IF($A27="","",IFERROR(-PMT($M27/12,$K27*12,$I27),0)) | V27: =IF($A27="","",IFERROR($U27*$K27*12-$I27,0)) | W27: =IF($A27="","",SUM($T27,$Q27*$K27,$R27*$K27,$S27*$K27*12)) | X27: =IF($A27="","",IFERROR((1+RATE($K27*12,-$U27,$I27-$T27-($Q27+$R27)*$K27-$S27*$K27*12))^12-1,0)) | Z27: =IF($A27="","",IF($U27<=$Y27,"Sostenibile","Da verificare"))
J28: =IF($A28="","",IFERROR($I28/$H28,"")) | T28: =IF($A28="","",SUM($N28:$P28)) | U28: =IF($A28="","",IFERROR(-PMT($M28/12,$K28*12,$I28),0)) | V28: =IF($A28="","",IFERROR($U28*$K28*12-$I28,0)) | W28: =IF($A28="","",SUM($T28,$Q28*$K28,$R28*$K28,$S28*$K28*12)) | X28: =IF($A28="","",IFERROR((1+RATE($K28*12,-$U28,$I28-$T28-($Q28+$R28)*$K28-$S28*$K28*12))^12-1,0)) | Z28: =IF($A28="","",IF($U28<=$Y28,"Sostenibile","Da verificare"))
J29: =IF($A29="","",IFERROR($I29/$H29,"")) | T29: =IF($A29="","",SUM($N29:$P29)) | U29: =IF($A29="","",IFERROR(-PMT($M29/12,$K29*12,$I29),0)) | V29: =IF($A29="","",IFERROR($U29*$K29*12-$I29,0)) | W29: =IF($A29="","",SUM($T29,$Q29*$K29,$R29*$K29,$S29*$K29*12)) | X29: =IF($A29="","",IFERROR((1+RATE($K29*12,-$U29,$I29-$T29-($Q29+$R29)*$K29-$S29*$K29*12))^12-1,0)) | Z29: =IF($A29="","",IF($U29<=$Y29,"Sostenibile","Da verificare"))
J30: =IF($A30="","",IFERROR($I30/$H30,"")) | T30: =IF($A30="","",SUM($N30:$P30)) | U30: =IF($A30="","",IFERROR(-PMT($M30/12,$K30*12,$I30),0)) | V30: =IF($A30="","",IFERROR($U30*$K30*12-$I30,0)) | W30: =IF($A30="","",SUM($T30,$Q30*$K30,$R30*$K30,$S30*$K30*12)) | X30: =IF($A30="","",IFERROR((1+RATE($K30*12,-$U30,$I30-$T30-($Q30+$R30)*$K30-$S30*$K30*12))^12-1,0)) | Z30: =IF($A30="","",IF($U30<=$Y30,"Sostenibile","Da verificare"))
J31: =IF($A31="","",IFERROR($I31/$H31,"")) | T31: =IF($A31="","",SUM($N31:$P31)) | U31: =IF($A31="","",IFERROR(-PMT($M31/12,$K31*12,$I31),0)) | V31: =IF($A31="","",IFERROR($U31*$K31*12-$I31,0)) | W31: =IF($A31="","",SUM($T31,$Q31*$K31,$R31*$K31,$S31*$K31*12)) | X31: =IF($A31="","",IFERROR((1+RATE($K31*12,-$U31,$I31-$T31-($Q31+$R31)*$K31-$S31*$K31*12))^12-1,0)) | Z31: =IF($A31="","",IF($U31<=$Y31,"Sostenibile","Da verificare"))
... J111: =IF($A111="","",IFERROR($I111/$H111,"")) | T111: =IF($A111="","",SUM($N111:$P111)) | U111: =IF($A111="","",IFERROR(-PMT($M111/12,$K111*12,$I111),0)) | V111: =IF($A111="","",IFERROR($U111*$K111*12-$I111,0)) | W111: =IF($A111="","",SUM($T111,$Q111*$K111,$R111*$K111,$S111*$K111*12)) | X111: =IF($A111="","",IFERROR((1+RATE($K111*12,-$U111,$I111-$T111-($Q111+$R111)*$K111-$S111*$K111*12))^12-1,0)) | Z111: =IF($A111="","",IF($U111<=$Y111,"Sostenibile","Da verificare"))

Sheet Ammortamento
A1: Piano di Ammortamento dell'Offerta Selezionata
A3: ID offerta selezionata | B3: MUT-2026-001
A4: Istituto selezionato | B4: =IF($B$3="","",IFERROR(VLOOKUP($B$3,'Confronto Mutui'!$A$12:$AA$111,2,FALSE),""))
A5: Importo mutuo | B5: =IF($B$3="","",IFERROR(VLOOKUP($B$3,'Confronto Mutui'!$A$12:$AA$111,9,FALSE),0))
A6: Durata anni | B6: =IF($B$3="","",IFERROR(VLOOKUP($B$3,'Confronto Mutui'!$A$12:$AA$111,11,FALSE),0))
A7: TAN | B7: =IF($B$3="","",IFERROR(VLOOKUP($B$3,'Confronto Mutui'!$A$12:$AA$111,13,FALSE),0))
A8: Data simulazione | B8: =IF($B$3="","",IFERROR(VLOOKUP($B$3,'Confronto Mutui'!$A$12:$AA$111,6,FALSE),""))
A9: Data prima rata | B9: 46127
A10: Rata mensile | B10: =IF($B$3="","",IFERROR(VLOOKUP($B$3,'Confronto Mutui'!$A$12:$AA$111,21,FALSE),0))
A11: Spese iniziali | B11: =IF($B$3="","",IFERROR(VLOOKUP($B$3,'Confronto Mutui'!$A$12:$AA$111,20,FALSE),0))
A12: Polizza obbligatoria annua | B12: =IF($B$3="","",IFERROR(VLOOKUP($B$3,'Confronto Mutui'!$A$12:$AA$111,17,FALSE),0))
A13: Altre spese annue | B13: =IF($B$3="","",IFERROR(VLOOKUP($B$3,'Confronto Mutui'!$A$12:$AA$111,18,FALSE),0))
A14: Commissione incasso rata | B14: =IF($B$3="","",IFERROR(VLOOKUP($B$3,'Confronto Mutui'!$A$12:$AA$111,19,FALSE),0))
A15: Rata sostenibile | B15: =IF($B$3="","",IFERROR(VLOOKUP($B$3,'Confronto Mutui'!$A$12:$AA$111,25,FALSE),0))
A17: Numero rata | B17: Data rata | C17: Debito iniziale | D17: Rata | E17: Quota interessi | F17: Quota capitale | G17: Costi assicurativi | H17: Altri costi | I17: Esborso totale | J17: Debito residuo
A18: =IF(OR('Ammortamento'!$B$5="",'Ammortamento'!$B$6="",ROW()-17>'Ammortamento'!$B$6*12),"",ROW()-17) | B18: =IF(OR(A18="",'Ammortamento'!$B$9=""),"",EDATE('Ammortamento'!$B$9,A18-1)) | C18: =IF(OR(A18="",'Ammortamento'!$B$5=""),"",IF(A18=1,'Ammortamento'!$B$5,J17)) | D18: =IF(OR(A18="",C18=""),"",IFERROR(-PMT('Ammortamento'!$B$7/12,'Ammortamento'!$B$6*12,'Ammortamento'!$B$5),0)) | E18: =IF(OR(A18="",C18=""),"",C18*'Ammortamento'!$B$7/12) | F18: =IF(OR(D18="",E18=""),"",MAX(0,D18-E18)) | G18: =IF(A18="","",'Ammortamento'!$B$12/12) | H18: =IF(A18="","",SUM('Ammortamento'!$B$13/12,'Ammortamento'!$B$14)) | I18: =IF(A18="","",SUM(D18,G18,H18)) | J18: =IF(OR(C18="",F18=""),"",MAX(0,C18-F18))
A19: =IF(OR('Ammortamento'!$B$5="",'Ammortamento'!$B$6="",ROW()-17>'Ammortamento'!$B$6*12),"",ROW()-17) | B19: =IF(OR(A19="",'Ammortamento'!$B$9=""),"",EDATE('Ammortamento'!$B$9,A19-1)) | C19: =IF(OR(A19="",'Ammortamento'!$B$5=""),"",IF(A19=1,'Ammortamento'!$B$5,J18)) | D19: =IF(OR(A19="",C19=""),"",IFERROR(-PMT('Ammortamento'!$B$7/12,'Ammortamento'!$B$6*12,'Ammortamento'!$B$5),0)) | E19: =IF(OR(A19="",C19=""),"",C19*'Ammortamento'!$B$7/12) | F19: =IF(OR(D19="",E19=""),"",MAX(0,D19-E19)) | G19: =IF(A19="","",'Ammortamento'!$B$12/12) | H19: =IF(A19="","",SUM('Ammortamento'!$B$13/12,'Ammortamento'!$B$14)) | I19: =IF(A19="","",SUM(D19,G19,H19)) | J19: =IF(OR(C19="",F19=""),"",MAX(0,C19-F19))
A20: =IF(OR('Ammortamento'!$B$5="",'Ammortamento'!$B$6="",ROW()-17>'Ammortamento'!$B$6*12),"",ROW()-17) | B20: =IF(OR(A20="",'Ammortamento'!$B$9=""),"",EDATE('Ammortamento'!$B$9,A20-1)) | C20: =IF(OR(A20="",'Ammortamento'!$B$5=""),"",IF(A20=1,'Ammortamento'!$B$5,J19)) | D20: =IF(OR(A20="",C20=""),"",IFERROR(-PMT('Ammortamento'!$B$7/12,'Ammortamento'!$B$6*12,'Ammortamento'!$B$5),0)) | E20: =IF(OR(A20="",C20=""),"",C20*'Ammortamento'!$B$7/12) | F20: =IF(OR(D20="",E20=""),"",MAX(0,D20-E20)) | G20: =IF(A20="","",'Ammortamento'!$B$12/12) | H20: =IF(A20="","",SUM('Ammortamento'!$B$13/12,'Ammortamento'!$B$14)) | I20: =IF(A20="","",SUM(D20,G20,H20)) | J20: =IF(OR(C20="",F20=""),"",MAX(0,C20-F20))
A21: =IF(OR('Ammortamento'!$B$5="",'Ammortamento'!$B$6="",ROW()-17>'Ammortamento'!$B$6*12),"",ROW()-17) | B21: =IF(OR(A21="",'Ammortamento'!$B$9=""),"",EDATE('Ammortamento'!$B$9,A21-1)) | C21: =IF(OR(A21="",'Ammortamento'!$B$5=""),"",IF(A21=1,'Ammortamento'!$B$5,J20)) | D21: =IF(OR(A21="",C21=""),"",IFERROR(-PMT('Ammortamento'!$B$7/12,'Ammortamento'!$B$6*12,'Ammortamento'!$B$5),0)) | E21: =IF(OR(A21="",C21=""),"",C21*'Ammortamento'!$B$7/12) | F21: =IF(OR(D21="",E21=""),"",MAX(0,D21-E21)) | G21: =IF(A21="","",'Ammortamento'!$B$12/12) | H21: =IF(A21="","",SUM('Ammortamento'!$B$13/12,'Ammortamento'!$B$14)) | I21: =IF(A21="","",SUM(D21,G21,H21)) | J21: =IF(OR(C21="",F21=""),"",MAX(0,C21-F21))
A22: =IF(OR('Ammortamento'!$B$5="",'Ammortamento'!$B$6="",ROW()-17>'Ammortamento'!$B$6*12),"",ROW()-17) | B22: =IF(OR(A22="",'Ammortamento'!$B$9=""),"",EDATE('Ammortamento'!$B$9,A22-1)) | C22: =IF(OR(A22="",'Ammortamento'!$B$5=""),"",IF(A22=1,'Ammortamento'!$B$5,J21)) | D22: =IF(OR(A22="",C22=""),"",IFERROR(-PMT('Ammortamento'!$B$7/12,'Ammortamento'!$B$6*12,'Ammortamento'!$B$5),0)) | E22: =IF(OR(A22="",C22=""),"",C22*'Ammortamento'!$B$7/12) | F22: =IF(OR(D22="",E22=""),"",MAX(0,D22-E22)) | G22: =IF(A22="","",'Ammortamento'!$B$12/12) | H22: =IF(A22="","",SUM('Ammortamento'!$B$13/12,'Ammortamento'!$B$14)) | I22: =IF(A22="","",SUM(D22,G22,H22)) | J22: =IF(OR(C22="",F22=""),"",MAX(0,C22-F22))
A23: =IF(OR('Ammortamento'!$B$5="",'Ammortamento'!$B$6="",ROW()-17>'Ammortamento'!$B$6*12),"",ROW()-17) | B23: =IF(OR(A23="",'Ammortamento'!$B$9=""),"",EDATE('Ammortamento'!$B$9,A23-1)) | C23: =IF(OR(A23="",'Ammortamento'!$B$5=""),"",IF(A23=1,'Ammortamento'!$B$5,J22)) | D23: =IF(OR(A23="",C23=""),"",IFERROR(-PMT('Ammortamento'!$B$7/12,'Ammortamento'!$B$6*12,'Ammortamento'!$B$5),0)) | E23: =IF(OR(A23="",C23=""),"",C23*'Ammortamento'!$B$7/12) | F23: =IF(OR(D23="",E23=""),"",MAX(0,D23-E23)) | G23: =IF(A23="","",'Ammortamento'!$B$12/12) | H23: =IF(A23="","",SUM('Ammortamento'!$B$13/12,'Ammortamento'!$B$14)) | I23: =IF(A23="","",SUM(D23,G23,H23)) | J23: =IF(OR(C23="",F23=""),"",MAX(0,C23-F23))
A24: =IF(OR('Ammortamento'!$B$5="",'Ammortamento'!$B$6="",ROW()-17>'Ammortamento'!$B$6*12),"",ROW()-17) | B24: =IF(OR(A24="",'Ammortamento'!$B$9=""),"",EDATE('Ammortamento'!$B$9,A24-1)) | C24: =IF(OR(A24="",'Ammortamento'!$B$5=""),"",IF(A24=1,'Ammortamento'!$B$5,J23)) | D24: =IF(OR(A24="",C24=""),"",IFERROR(-PMT('Ammortamento'!$B$7/12,'Ammortamento'!$B$6*12,'Ammortamento'!$B$5),0)) | E24: =IF(OR(A24="",C24=""),"",C24*'Ammortamento'!$B$7/12) | F24: =IF(OR(D24="",E24=""),"",MAX(0,D24-E24)) | G24: =IF(A24="","",'Ammortamento'!$B$12/12) | H24: =IF(A24="","",SUM('Ammortamento'!$B$13/12,'Ammortamento'!$B$14)) | I24: =IF(A24="","",SUM(D24,G24,H24)) | J24: =IF(OR(C24="",F24=""),"",MAX(0,C24-F24))
A25: =IF(OR('Ammortamento'!$B$5="",'Ammortamento'!$B$6="",ROW()-17>'Ammortamento'!$B$6*12),"",ROW()-17) | B25: =IF(OR(A25="",'Ammortamento'!$B$9=""),"",EDATE('Ammortamento'!$B$9,A25-1)) | C25: =IF(OR(A25="",'Ammortamento'!$B$5=""),"",IF(A25=1,'Ammortamento'!$B$5,J24)) | D25: =IF(OR(A25="",C25=""),"",IFERROR(-PMT('Ammortamento'!$B$7/12,'Ammortamento'!$B$6*12,'Ammortamento'!$B$5),0)) | E25: =IF(OR(A25="",C25=""),"",C25*'Ammortamento'!$B$7/12) | F25: =IF(OR(D25="",E25=""),"",MAX(0,D25-E25)) | G25: =IF(A25="","",'Ammortamento'!$B$12/12) | H25: =IF(A25="","",SUM('Ammortamento'!$B$13/12,'Ammortamento'!$B$14)) | I25: =IF(A25="","",SUM(D25,G25,H25)) | J25: =IF(OR(C25="",F25=""),"",MAX(0,C25-F25))
A26: =IF(OR('Ammortamento'!$B$5="",'Ammortamento'!$B$6="",ROW()-17>'Ammortamento'!$B$6*12),"",ROW()-17) | B26: =IF(OR(A26="",'Ammortamento'!$B$9=""),"",EDATE('Ammortamento'!$B$9,A26-1)) | C26: =IF(OR(A26="",'Ammortamento'!$B$5=""),"",IF(A26=1,'Ammortamento'!$B$5,J25)) | D26: =IF(OR(A26="",C26=""),"",IFERROR(-PMT('Ammortamento'!$B$7/12,'Ammortamento'!$B$6*12,'Ammortamento'!$B$5),0)) | E26: =IF(OR(A26="",C26=""),"",C26*'Ammortamento'!$B$7/12) | F26: =IF(OR(D26="",E26=""),"",MAX(0,D26-E26)) | G26: =IF(A26="","",'Ammortamento'!$B$12/12) | H26: =IF(A26="","",SUM('Ammortamento'!$B$13/12,'Ammortamento'!$B$14)) | I26: =IF(A26="","",SUM(D26,G26,H26)) | J26: =IF(OR(C26="",F26=""),"",MAX(0,C26-F26))
A27: =IF(OR('Ammortamento'!$B$5="",'Ammortamento'!$B$6="",ROW()-17>'Ammortamento'!$B$6*12),"",ROW()-17) | B27: =IF(OR(A27="",'Ammortamento'!$B$9=""),"",EDATE('Ammortamento'!$B$9,A27-1)) | C27: =IF(OR(A27="",'Ammortamento'!$B$5=""),"",IF(A27=1,'Ammortamento'!$B$5,J26)) | D27: =IF(OR(A27="",C27=""),"",IFERROR(-PMT('Ammortamento'!$B$7/12,'Ammortamento'!$B$6*12,'Ammortamento'!$B$5),0)) | E27: =IF(OR(A27="",C27=""),"",C27*'Ammortamento'!$B$7/12) | F27: =IF(OR(D27="",E27=""),"",MAX(0,D27-E27)) | G27: =IF(A27="","",'Ammortamento'!$B$12/12) | H27: =IF(A27="","",SUM('Ammortamento'!$B$13/12,'Ammortamento'!$B$14)) | I27: =IF(A27="","",SUM(D27,G27,H27)) | J27: =IF(OR(C27="",F27=""),"",MAX(0,C27-F27))
A28: =IF(OR('Ammortamento'!$B$5="",'Ammortamento'!$B$6="",ROW()-17>'Ammortamento'!$B$6*12),"",ROW()-17) | B28: =IF(OR(A28="",'Ammortamento'!$B$9=""),"",EDATE('Ammortamento'!$B$9,A28-1)) | C28: =IF(OR(A28="",'Ammortamento'!$B$5=""),"",IF(A28=1,'Ammortamento'!$B$5,J27)) | D28: =IF(OR(A28="",C28=""),"",IFERROR(-PMT('Ammortamento'!$B$7/12,'Ammortamento'!$B$6*12,'Ammortamento'!$B$5),0)) | E28: =IF(OR(A28="",C28=""),"",C28*'Ammortamento'!$B$7/12) | F28: =IF(OR(D28="",E28=""),"",MAX(0,D28-E28)) | G28: =IF(A28="","",'Ammortamento'!$B$12/12) | H28: =IF(A28="","",SUM('Ammortamento'!$B$13/12,'Ammortamento'!$B$14)) | I28: =IF(A28="","",SUM(D28,G28,H28)) | J28: =IF(OR(C28="",F28=""),"",MAX(0,C28-F28))
A29: =IF(OR('Ammortamento'!$B$5="",'Ammortamento'!$B$6="",ROW()-17>'Ammortamento'!$B$6*12),"",ROW()-17) | B29: =IF(OR(A29="",'Ammortamento'!$B$9=""),"",EDATE('Ammortamento'!$B$9,A29-1)) | C29: =IF(OR(A29="",'Ammortamento'!$B$5=""),"",IF(A29=1,'Ammortamento'!$B$5,J28)) | D29: =IF(OR(A29="",C29=""),"",IFERROR(-PMT('Ammortamento'!$B$7/12,'Ammortamento'!$B$6*12,'Ammortamento'!$B$5),0)) | E29: =IF(OR(A29="",C29=""),"",C29*'Ammortamento'!$B$7/12) | F29: =IF(OR(D29="",E29=""),"",MAX(0,D29-E29)) | G29: =IF(A29="","",'Ammortamento'!$B$12/12) | H29: =IF(A29="","",SUM('Ammortamento'!$B$13/12,'Ammortamento'!$B$14)) | I29: =IF(A29="","",SUM(D29,G29,H29)) | J29: =IF(OR(C29="",F29=""),"",MAX(0,C29-F29))
... A377: =IF(OR('Ammortamento'!$B$5="",'Ammortamento'!$B$6="",ROW()-17>'Ammortamento'!$B$6*12),"",ROW()-17) | B377: =IF(OR(A377="",'Ammortamento'!$B$9=""),"",EDATE('Ammortamento'!$B$9,A377-1)) | C377: =IF(OR(A377="",'Ammortamento'!$B$5=""),"",IF(A377=1,'Ammortamento'!$B$5,J376)) | D377: =IF(OR(A377="",C377=""),"",IFERROR(-PMT('Ammortamento'!$B$7/12,'Ammortamento'!$B$6*12,'Ammortamento'!$B$5),0)) | E377: =IF(OR(A377="",C377=""),"",C377*'Ammortamento'!$B$7/12) | F377: =IF(OR(D377="",E377=""),"",MAX(0,D377-E377)) | G377: =IF(A377="","",'Ammortamento'!$B$12/12) | H377: =IF(A377="","",SUM('Ammortamento'!$B$13/12,'Ammortamento'!$B$14)) | I377: =IF(A377="","",SUM(D377,G377,H377)) | J377: =IF(OR(C377="",F377=""),"",MAX(0,C377-F377))
A379: Totali piano | D379: =SUM(D18:D377) | E379: =SUM(E18:E377) | F379: =SUM(F18:F377) | G379: =SUM(G18:G377) | H379: =SUM(H18:H377) | I379: =SUM(I18:I377)

Sheet Dashboard
A1: Dashboard - Confronto e Sostenibilità Mutui
A3: Importo medio finanziato | B3: =IFERROR(AVERAGE('Confronto Mutui'!$I$12:$I$111),0)
A4: Rata mensile media | B4: =IFERROR(AVERAGE('Confronto Mutui'!$U$12:$U$111),0)
A5: TAEG minimo | B5: =IFERROR(MIN('Confronto Mutui'!$X$12:$X$111),0)
A6: TAEG massimo | B6: =IFERROR(MAX('Confronto Mutui'!$X$12:$X$111),0)
A7: Mutuo con TAEG più conveniente | B7: =IFERROR(INDEX('Confronto Mutui'!$B$12:$B$111,MATCH($B$5,'Confronto Mutui'!$X$12:$X$111,0)),"")
A8: Interessi complessivi offerta selezionata | B8: =IFERROR(VLOOKUP('Ammortamento'!$B$3,'Confronto Mutui'!$A$12:$AA$111,22,FALSE),0)
A9: Debito residuo dopo 5 anni | B9: =IFERROR(INDEX('Ammortamento'!$J$18:$J$377,MATCH(60,'Ammortamento'!$A$18:$A$377,0)),0)
A10: Debito residuo dopo 10 anni | B10: =IFERROR(INDEX('Ammortamento'!$J$18:$J$377,MATCH(120,'Ammortamento'!$A$18:$A$377,0)),0)
A11: Debito residuo dopo 15 anni | B11: =IFERROR(INDEX('Ammortamento'!$J$18:$J$377,MATCH(180,'Ammortamento'!$A$18:$A$377,0)),0)
A12: Incidenza rata su rata sostenibile | B12: =IFERROR('Ammortamento'!$B$10/'Ammortamento'!$B$15,0)
A13: Esito rata offerta selezionata | B13: =IFERROR(VLOOKUP('Ammortamento'!$B$3,'Confronto Mutui'!$A$12:$AA$111,26,FALSE),"")
A15: L'offerta selezionata viene aggiornata modificando l'ID nel foglio Ammortamento.

Sheet Istruzioni
A1: Istruzioni per il Calcolo TAEG Mutuo
A3: Foglio | B3: Indicazioni operative
A4: Confronto Mutui | B4: Inserire o aggiornare le offerte nelle righe da 12 a 111. Le celle gialle sono modificabili; le celle azzurre contengono formule.
A5: Ammortamento | B5: Selezionare l'ID offerta e la data della prima rata. Il piano calcola fino a 360 rate mensili e resta vuoto oltre la durata scelta.
A6: Dashboard | B6: Consultare gli indicatori, i debiti residui dopo 5, 10 e 15 anni e i grafici di confronto delle offerte.
A8: Differenza tra TAN e TAEG | B8: Il TAN è il tasso annuo nominale applicato al capitale finanziato. Il TAEG esprime il costo complessivo annuo del mutuo includendo interessi e costi previsti.
A9: Costi inclusi nella stima | B9: La stima considera interessi, istruttoria, perizia, imposta sostitutiva, polizze obbligatorie, altre spese annue e commissioni di incasso rata.
A10: Verifica bancaria | B10: Il risultato è una stima comparativa. Verificare sempre il prospetto informativo europeo standardizzato SECCI fornito dalla banca prima di assumere decisioni.
A11: Riferimenti utili | B11: Consultare Banca d'Italia, Agenzia delle Entrate e la documentazione contrattuale per imposta sostitutiva, APE, costi notarili e condizioni di erogazione.
A12: Nota importante | B12: Il TAEG reale può variare in base a costi esclusi, arrotondamenti, periodicità delle rate, polizze facoltative e condizioni contrattuali specifiche.
A14: Lettura esito rata | B14: L'esito è Sostenibile se la rata mensile è uguale o inferiore alla rata sostenibile inserita. In caso contrario compare Da verificare.
